 Dungeon Crawl Stone Soup version 0.23.1 (webtiles) character file.

Game seed: 2259940511894323703

183 kae the Conjurer (level 5, -4/35 HPs)
             Began as an Octopode Conjurer on Mar 17, 2019.
             Killed by divine providence
             ... invoked by an orc priest
              (10 damage)
             ... on level 3 of the Dungeon.
             The game lasted 00:04:51 (3651 turns).

kae the Conjurer (Octopode Conjurer)                Turns: 3651, Time: 00:04:52

Health: -4/35      AC:  1    Str:  8    XL:     5   Next: 62%
Magic:  3/9        EV: 11    Int: 18    God:
Gold:   147        SH:  0    Dex: 12    Spells: 4/10 levels left

rFire    . . .     SeeInvis .   j - +1 short sword (venom)
rCold    . . .     Gourm    .   (no shield)
rNeg     . . .     Faith    .   (helmet restricted)
rPois    .         Spirit   .   (no amulet)
rElec    .         Reflect  .   k - -2 ring of evasion (curse)
rCorr    .         Harm     .   (no ring)
MR       .....                  (no ring)
Stlth    +++.......             (no ring)
HPRegen  0.11/turn              (no ring)
MPRegen  0.11/turn              (no ring)
                                (no ring)
                                (no ring)

@: no status effects
A: almost no armour, stealthy swim, amphibious, 8 rings, constrict 8, camouflage
1, gelatinous body 1
a: no special abilities


You were on level 3 of the Dungeon.
You were not hungry.

You visited 1 branch of the dungeon, and saw 3 of its levels.

You collected 147 gold pieces.

Inventory:

Hand Weapons
 a - a +0 dagger
 i - a +2 hand axe of chopping
 j - a +1 short sword of venom (weapon)
Jewellery
 k - a cursed -2 ring of evasion (left tentacle)
Scrolls
 c - a scroll of identify
 d - 2 scrolls of amnesia
Potions
 g - a potion of magic
Comestibles
 b - 3 rations
 f - 5 chunks of flesh


   Skills:
 + Level 2.3 Fighting
 - Level 2.0 Dodging
 - Level 2.6 Stealth
 + Level 3.1 Spellcasting
 * Level 5.5 Conjurations


You had 4 spell levels left.
You knew the following spells:

 Your Spells              Type           Power        Failure   Level  Hunger
a - Magic Dart            Conj           ###.         1%          1    None
b - Searing Ray           Conj           ###...       2%          2    ##.....
c - Dazzling Spray        Conj/Hex       ##....       16%         3    ###....

Your spell library contained the following spells:

 Spells                   Type           Power        Failure   Level  Hunger
 Iskenderun's Mystic Bla  Conj           ###.....     17%         4    ####...
 Force Lance              Conj/Tloc      ##......     45%         4    ####...
 Fulminant Prism          Conj/Hex       ##........   45%         4    ####...


Dungeon Overview and Level Annotations

Branches:
Dungeon (3/15)

Altars:
Makhleb
Yredelemnul


Innate Abilities, Weirdness & Mutations

You cannot wear most types of armour.
You are very stealthy in the water. (Stealth+)
You are amphibious.
You can wear up to eight rings at the same time.
You can use your tentacles to constrict eight enemies at once.
Your skin changes colour to match your surroundings (Stealth+).
Your rubbery body absorbs attacks. (AC +1, EV +1)


Message History

The jackal barely misses you.
The orc priest shouts!
You hit the jackal.
You kill the jackal!
You hit the orc.
You kill the orc!
You feel sick.
A goblin comes into view.
The jackal bites you but does no damage.
The jackal bites you.
* * * LOW HITPOINT WARNING * * *
You feel sick.
You barely miss the jackal. Your grab misses the jackal.
You squeeze the jackal.
You kill the jackal!
You feel sick.
You are no longer poisoned.
The orc priest invokes the aid of Beogh against you.
Beogh smites you!
You die...

#..##.#.# #...g.†..#
#..##.#.##. #...#.#
#.......##. #...#.# .
#..##.#.##. ##o##.# #.
#..##.#.##. #.##.# #.
#..##.#.##.# #....########.
#<....#.##.# ##.o..........
#.)).......#####o#.######...
#.<####.##.@.oo†.#..........
#..# #.#################.>.
#..# #....# ###. #..# ####.#
#. #..# #(# ## #..# #.# #
#..# #(# # #.# # #.# ##


You could see an orc priest and 2 orcs.

Vanquished Creatures
  An orc wizard (D:3)
  5 adders
  An ooze (D:1)
  An adder zombie (D:2)
  A worm (D:3)
  2 dart slugs
  5 leopard geckos
  9 orcs (D:3)
  5 bats
  5 giant cockroaches
  6 goblins
  9 hobgoblins
  4 jackals (D:3)
  A quokka (D:3)
  5 frilled lizards
  17 kobolds
  7 rats
84 creatures vanquished.

Notes
Turn   | Place    | Note
-------+----------+-------------------------------------------
     0 | D:1      | kae the Octopode Conjurer began the quest for the Orb.
     0 | D:1      | Reached XP level 1. HP: 11/11 MP: 3/3
   245 | D:1      | Reached XP level 2. HP: 7/18 MP: 0/5
   749 | D:1      | Reached skill level 1 in Fighting
   871 | D:1      | Reached XP level 3. HP: 14/23 MP: 4/6
  1426 | D:2      | Found a burning altar of Makhleb.
  1795 | D:2      | Found a faded altar of an unknown god.
  1800 | D:2      | Reached XP level 4. HP: 24/28 MP: 7/7
  2462 | D:2      | Found a basalt altar of Yredelemnul.
  2547 | D:2      | Reached skill level 5 in Conjurations
  2765 | D:3      | Learned a level 2 spell: Searing Ray
  2769 | D:3      | Learned a level 3 spell: Dazzling Spray
  3097 | D:3      | Reached XP level 5. HP: 16/34 MP: 4/9
  3651 | D:3      | Killed from afar by an orc priest

Skill      XL: |  1  2  3  4  5 |
---------------+----------------+-----
Fighting       | 1 2 |  2.3
Conjurations   | 5 |  5.5
Spellcasting   | 3 |  3.1
Dodging        | |  2.0
Stealth        | |  2.6

Action                   |  1- 3 |  4- 6 || total
-------------------------+-------+-------++-------
Melee: Unarmed           |    10 |       ||    10
       Constrict         |    13 |    23 ||    36
       Tentacles         |     6 |    14 ||    20
       Dagger            |    65 |    48 ||   113
       Short sword       |       |    24 ||    24
       Hand axe          |       |     2 ||     2
 Cast: Magic Dart        |    32 |    16 ||    48
       Searing Ray       |       |     8 ||     8
  Use: Scroll            |     6 |     2 ||     8
       Potion            |     1 |     4 ||     5
 Stab: Sleeping          |     5 |     7 ||    12
  Eat: Chunk             |     2 |     7 ||     9
Armor: Skin              |    42 |     6 ||    48
Dodge: Dodged            |    57 |    43 ||   100
